 Dungeon Crawl Stone Soup version 0.27.0-1-g7a089689b8 (webtiles) character file.

Game seed: 8714671065857622035

274 Ozzies the Skirmisher (level 6, 0/61 HPs)
             Began as a Minotaur Fighter on Aug 8, 2021.
             Was a Priest of Jiyva.
             Slain by an orc warrior (11 damage)
             ... on level 5 of the Dungeon.
             The game lasted 00:04:28 (4121 turns).

Ozzies the Skirmisher (Minotaur Fighter)            Turns: 4121, Time: 00:04:29

Health: 0/61       AC: 11    Str: 18    XL:     6   Next: 3%
Magic:  5/5        EV:  7    Int:  9    God:    Jiyva [***...]
Gold:   0          SH:  9    Dex: 10    Spells: 5/5 levels left

rFire    + . .     SeeInvis .   a - +0 trident
rCold    . . .     Faith    .   c - +0 kite shield
rNeg     . . .     Spirit   .   j - +4 scale mail {rF+}
rPois    .         Reflect  .   (helmet restricted)
rElec    .         Harm     .   (no cloak)
rCorr    +         Rampage  .   (no gloves)
Will     .....                  (no boots)
Stlth    ..........             (no amulet)
HPRegen  0.20/turn              (no ring)
MPRegen  0.09/turn              (no ring)

@: no status effects
A: horns 2, retaliatory headbutt, jelly sensing items
a: Renounce Religion, Request Jelly


You were on level 5 of the Dungeon.
You worshipped Jiyva.
Jiyva was most pleased with you.
You visited 1 branch of the dungeon, and saw 5 of its levels.
You visited the Abyss 1 time.

Inventory:

Hand Weapons
 a - a +0 trident (weapon)
Missiles
 e - 12 poisoned darts (quivered)
Armour
 b - a +0 scale mail
 c - a +0 kite shield (worn)
 j - a +4 scale mail of fire resistance (worn)
 m - a +0 cloak
Scrolls
 f - a scroll of fear {unknown}
 h - a scroll of blinking {unknown}
 k - a scroll of immolation {unknown}
 l - a scroll of amnesia {unknown}
Potions
 d - a potion of might {@q3 !q}
 g - 2 potions of curing {unknown}
 i - a potion of brilliance {unknown}


   Skills:
 + Level 7.6 Fighting
 - Level 3.0 Polearms
 - Level 4.0 Armour
 - Level 4.0 Shields


You had 5 spell levels left.
You didn't know any spells.
Your spell library contained the following spells:

 Spells                   Type           Power      Damage    Failure   Level
 Frozen Ramparts          Ice            0%         1d2       100%        3
 Ice Form                 Ice/Tmut       0%         N/A       100%        4
 Summon Ice Beast         Ice/Summ       0%         N/A       100%        4


Dungeon Overview and Level Annotations

Branches:
Dungeon (5/15)
 Temple: D:4-7

Altars:
Jiyva

Shops:
D:3 *


Innate Abilities, Weirdness & Mutations

You have a pair of horns on your head.
You reflexively headbutt those who attack you in melee.
You have a small jelly attached to you that senses nearby items.


Message History

Reach: a) +0 trident
Press: ? - help, Dir - move target, f/p - orc warrior
Aim: an orc warrior, wielding a +0 trident and wearing a +0 chain mail (heavily wounded, about 45% to evade your +0 trident)
You reach to attack!
You hit the orc warrior.
The orc warrior is severely wounded.
The orc warrior hits you from afar with a +0 trident!
Reach: a) +0 trident
Press: ? - help, Dir - move target, f/p - orc warrior
Aim: an orc warrior, wielding a +0 trident and wearing a +0 chain mail (severely wounded, about 45% to evade your +0 trident)
You reach to attack!
You hit the orc warrior but do no damage.
The orc warrior is severely wounded.
The orc warrior hits you but does no damage.
You hear a distant slurping noise.
Jiyva appreciates your sacrifice. The orc warrior barely misses you.
Reach: a) +0 trident
Press: ? - help, Dir - move target, f/p - orc warrior
Aim: an orc warrior, wielding a +0 trident and wearing a +0 chain mail (severely wounded, about 47% to evade your +0 trident)
You reach to attack!
You hit the orc warrior but do no damage.
The orc warrior is severely wounded.
The orc warrior hits you from afar with a +0 trident!
* * * LOW HITPOINT WARNING * * *
Reach: a) +0 trident
Press: ? - help, Dir - move target, f/p - orc warrior
Aim: an orc warrior, wielding a +0 trident and wearing a +0 chain mail (severely wounded, about 45% to evade your +0 trident)
You reach to attack!
You hit the orc warrior but do no damage.
The orc warrior is severely wounded.
The orc warrior hits you but does no damage.
Reach: a) +0 trident
Press: ? - help, Dir - move target, f/p - orc warrior
Aim: an orc warrior, wielding a +0 trident and wearing a +0 chain mail (severely wounded, about 45% to evade your +0 trident)
You reach to attack!
You closely miss the orc warrior.
The orc warrior is severely wounded.
You block the orc warrior's attack.
The orc warrior hits you from afar with a +0 trident.
* * * LOW HITPOINT WARNING * * *
Reach: a) +0 trident
Press: ? - help, Dir - move target, f/p - orc warrior
Aim: an orc warrior, wielding a +0 trident and wearing a +0 chain mail (severely wounded, about 45% to evade your +0 trident)
You reach to attack!
Your shield and scale mail prevent you from hitting the orc warrior.
The orc warrior is severely wounded.
The orc warrior hits you from afar with a +0 trident.
* * * LOW HITPOINT WARNING * * *
Reach: a) +0 trident
Press: ? - help, Dir - move target, f/p - orc warrior
Aim: an orc warrior, wielding a +0 trident and wearing a +0 chain mail (severely wounded, about 45% to evade your +0 trident)
You reach to attack!
You hit the orc warrior.
The orc warrior is almost dead.
You block the orc warrior's attack.
The orc warrior hits you but does no damage.
Reach: a) +0 trident
Press: ? - help, Dir - move target, f/p - orc warrior
Aim: an orc warrior, wielding a +0 trident and wearing a +0 chain mail (almost dead, about 45% to evade your +0 trident)
You reach to attack!
You hit the orc warrior but do no damage.
The orc warrior is almost dead.
You block the orc warrior's attack.
You hear a distant slurping noise.
Jiyva appreciates your sacrifice. x2
You hear a squelching noise.
Reach: a) +0 trident
Press: ? - help, Dir - move target, f/p - orc warrior
Aim: an orc warrior, wielding a +0 trident and wearing a +0 chain mail (almost dead, about 45% to evade your +0 trident)
You reach to attack!
You closely miss the orc warrior.
The orc warrior is almost dead.
You block the orc warrior's attack.
Reach: a) +0 trident
Press: ? - help, Dir - move target, f/p - orc warrior
Aim: an orc warrior, wielding a +0 trident and wearing a +0 chain mail (almost dead, about 45% to evade your +0 trident)
You reach to attack!
You closely miss the orc warrior.
The orc warrior is almost dead.
You block the orc warrior's attack. x2
Reach: a) +0 trident
Press: ? - help, Dir - move target, f/p - orc warrior
Aim: an orc warrior, wielding a +0 trident and wearing a +0 chain mail (almost dead, about 45% to evade your +0 trident)
You reach to attack!
You closely miss the orc warrior.
The orc warrior is almost dead.
The orc warrior hits you from afar with a +0 trident.
* * * LOW HITPOINT WARNING * * *
Reach: a) +0 trident
Press: ? - help, Dir - move target, f/p - orc warrior
Aim: an orc warrior, wielding a +0 trident and wearing a +0 chain mail (almost dead, about 45% to evade your +0 trident)
You reach to attack!
You hit the orc warrior but do no damage.
The orc warrior is almost dead.
You block the orc warrior's attack.
Reach: a) +0 trident
Press: ? - help, Dir - move target, f/p - orc warrior
Aim: an orc warrior, wielding a +0 trident and wearing a +0 chain mail (almost dead, about 45% to evade your +0 trident)
You reach to attack!
You hit the orc warrior but do no damage.
The orc warrior is almost dead.
You block the orc warrior's attack.
You hear a distant slurping noise.
The orc warrior hits you from afar with a +0 trident!
You die...

...#....##.................>.
.....#.J.....................
...#...#...####.#######......
......####...##..##.....#####
...#.. ###.###....#####
...... #.#......# .#.#.
#..o####.# ..... ##...# .#
#@.#...# # #..####.# #.## .#
#. # .. ###


You could see an orc warrior.

Vanquished Creatures
  A bullfrog (D:4)
  Crazy Yiuf (D:4)
  2 orc priests
  Terence (D:3)
  An orc wizard (D:5)
  2 adders
  An adder skeleton (D:4)
  A worm (D:3)
  2 dart slugs
  3 orcs
  An endoplasm (D:1)
  A giant cockroach (D:1)
  4 goblins
  3 hobgoblins
  8 jackals
  2 quokkas (D:2)
  2 ball pythons
  4 bats
  A frilled lizard (D:2)
  4 kobolds
45 creatures vanquished.

Vanquished Creatures (others)
  6 jellies
  2 orc priests (D:4)
  A hound (D:4)
  An iguana (D:4)
  An orc wizard (D:4)
  A worm (D:2)
  An endoplasm (D:3)
  9 orcs
  2 goblins
  3 hobgoblins (D:2)
  A quokka (D:2)
  A bat (D:3)
  3 frilled lizards (D:2)
  A rat (D:2)
33 creatures vanquished.

Grand Total: 78 creatures vanquished

Notes
Turn   | Place    | Note
-------+----------+-------------------------------------------
     0 | D:1      | Ozzies the Minotaur Fighter began the quest for the Orb.
     0 | D:1      | Reached XP level 1. HP: 19/19 MP: 0/0
   304 | D:1      | Found a faded altar of an unknown god.
   495 | D:1      | Became a worshipper of Jiyva Joumm the Shapeless
   495 | D:1      | Reached * piety under Jiyva
   641 | D:1      | Reached XP level 2. HP: 25/27 MP: 1/1
  1141 | D:2      | Reached skill level 4 in Fighting
  1156 | D:2      | Reached XP level 3. HP: 19/33 MP: 2/2
  1234 | D:2      | Reached ** piety under Jiyva
  1898 | D:3      | Reached skill level 5 in Fighting
  2086 | D:3      | Found Tiheir's General Store.
  2091 | D:3      | Reached XP level 4. HP: 42/42 MP: 3/3
  2385 | D:3      | Noticed Terence
  2397 | D:3      | Killed Terence
  2769 | D:4      | Noticed a bullfrog
  2774 | D:4      | Killed a bullfrog
  2774 | D:4      | Reached *** piety under Jiyva
  2775 | D:4      | Reached skill level 6 in Fighting
  2775 | D:4      | Reached XP level 5. HP: 46/51 MP: 4/4
  3015 | D:4      | Gained mutation: You have a small jelly attached to you
                  | that senses nearby items. [Jiyva's grace]
  3371 | D:4      | Found a runed translucent door.
  3372 | D:4      | Noticed Crazy Yiuf
  3377 | D:4      | Cast into level 1 of the Abyss (Crazy Yiuf)
  3392 | D:4      | Escaped the Abyss
  3398 | D:4      | Killed Crazy Yiuf
  3399 | D:4      | Reached skill level 7 in Fighting
  3689 | D:5      | Entered Level 5 of the Dungeon
  3735 | D:5      | Noticed an orc warrior
  3744 | D:5      | Reached XP level 6. HP: 14/61 MP: 5/5
  4121 | D:5      | Slain by an orc warrior

Illustrated notes

Levels and vault maps discovered:
D:1:      shiori_arrival_oz, layout_loops_corners,
          hellmonk_ecumenical_altar_heavens_door
D:2:      layout_loops_cross, roderic_serpentine_path, minmay_circle_x
D:3:      layout_loops_ring, serial_shops, nicolae_shop_stone,
          minmay_misc_feat_alley, uniq_terence
D:4:      layout_gridville, uniq_crazy_yiuf_cottage
D:5:      layout_rooms, minmay_temple_entry_glass, minmay_misc_feat_iff,
          minivault_14, patterned_corridor

Skill      XL: |  1  2  3  4  5 |
---------------+----------------+-----
Armour         | 4 |  4.0
Fighting       | 4 5 6 7 |  7.6
Shields        | 4 |  4.0
Polearms       | 3 |  3.0

Action                   |  1- 3 |  4- 6 || total
-------------------------+-------+-------++-------
Melee: Trident           |    78 |    85 ||   163
       Headbutt          |     7 |     9 ||    16
Invok: Request Jelly     |       |     2 ||     2
Armor: Scale mail        |    24 |    23 ||    47
Dodge: Dodged            |    14 |    17 ||    31
Block: Kite shield       |    31 |    42 ||    73
